 Dungeon Crawl Stone Soup version 0.27-a0-1158-gaa87e14f67 (webtiles) character file.

Game seed: 7076763158215685427

18 bilbop the Magician (level 2, -3/22 HPs)
             Began as a Djinni Venom Mage on May 15, 2021.
             Slain by a quokka (5 damage)
             ... on level 1 of the Dungeon.
             The game lasted 00:04:45 (768 turns).

bilbop the Magician (Djinni Venom Mage)              Turns: 768, Time: 00:04:46

Health: -3/22      AC:  2    Str:  7    XL:     2   Next: 90%
Gold:   8          EV: 12    Int: 16    God:
                   SH:  0    Dex: 13

rFire    + + .     SeeInvis .   f - +0 short sword
rCold    x . .     Faith    .   (no shield)
rNeg     . . .     Spirit   .   a - +0 robe
rPois    ∞         Reflect  .   (no helmet)
rElec    .         Harm     .   (no cloak)
rCorr    .         Rampage  .   (no gloves)
Will     .....                  (boots unavailable)
Stlth    ++........             (no amulet)
HPRegen  0.07/turn              (no ring)
MPRegen  0.00/turn              (no ring)

@: flying
A: sickness immunity, fire resistance 2, cold vulnerability 1, float, innate
caster, hp casting, extra vitality 1
a: no special abilities


You were on level 1 of the Dungeon.
You visited 1 branch of the dungeon, and saw 1 of its levels.

You collected 8 gold pieces.

Inventory:

Hand Weapons
 f - a +0 short sword (weapon)
Armour
 a - a +0 robe (worn)
 b - a +0 cloak
 e - a +0 leather armour
Scrolls
 c - a scroll of identify {unknown}
 g - a scroll of teleportation {unknown}
Potions
 d - a potion of degeneration {unknown}


   Skills:
 + Level 0.5 Fighting
 + Level 0.4 Short Blades
 - Level 2.1 Dodging
 + Level 1.7 Stealth
 + Level 0.4 Shields
 * Level 2.7 Spellcasting
 + Level 0.5 Invocations


You couldn't memorise any spells.
You knew the following spells:

 Your Spells              Type           Power      Damage    Failure   Level
a - Sting                 Tmut/Pois      40%        1d5       6%          1
b - Poisonous Vapours     Pois/Air       20%        N/A       10%         2
c - Mephitic Cloud        Conj/Pois/Air  10%        N/A       19%         3
d - Ignite Poison         Fire/Tmut/Pois 10%        N/A       19%         3
e - Olgreb's Toxic Radia  Pois           10%        N/A       54%         4
Your spell library was empty.

Dungeon Overview and Level Annotations

Branches:
Dungeon (1/15)

Altars:


Innate Abilities, Weirdness & Mutations

You are immune to sickness and miasma.
You are immune to poison.
Your flesh is very heat resistant. (rF++)
You are vulnerable to cold. (rC-)
You float through the air rather than walking.
You learn spells naturally, not from books.
Your magical power is your life essence.
You have superior vitality. (+4 HP)


Message History

The sting misses the ball python.
The ball python bites you but does no damage.
The ball python grabs you. The ball python constricts you.
The sting hits the ball python.
The ball python is poisoned.
The ball python is severely wounded.
You kill the ball python!
The sting hits the rat.
The rat is poisoned.
You kill the rat!
A hobgoblin comes into view.
A quokka comes into view.
The hobgoblin shouts!
You hear a bark! x2
The sting hits the hobgoblin.
The hobgoblin is poisoned.
The hobgoblin is severely wounded.
A jackal comes into view.
The sting hits the hobgoblin.
The hobgoblin looks even sicker.
You kill the hobgoblin!
The sting misses the quokka.
The sting hits the quokka.
The quokka is poisoned.
The quokka is moderately wounded.
The quokka bites you.
You closely miss the quokka.
The quokka is severely wounded.
The quokka bites you.
You barely miss the quokka.
The quokka is severely wounded.
The quokka bites you.
You hit the quokka but do no damage.
The quokka is severely wounded.
The quokka bites you.
* * * LOW HITPOINT WARNING * * *
The quokka bites you but does no damage.
The quokka looks more healthy.
The quokka misses you. The quokka completely misses you.
A jackal comes into view.
The jackal barks!
The quokka bites you.
* * * LOW HITPOINT WARNING * * *
The quokka bites you.
You die...

## #. #.# #.
#.# ##.#
#.###.= ..#..#
#.#.######..#
#..h..†.....#
##@r######... #
#h.#...
#.##..#.####.
#............
####...#.####
#..###..
#.#.#.#######..
#....†.).......
#.##.########..


You could see a quokka and 2 jackals.

Vanquished Creatures
  A dart slug (D:1)
  3 ball pythons (D:1)
  A bat (D:1)
  A goblin (D:1)
  A hobgoblin (D:1)
  3 jackals (D:1)
  A quokka (D:1)
  2 frilled lizards (D:1)
  A kobold (D:1)
  2 rats (D:1)
16 creatures vanquished.

Notes
Turn   | Place    | Note
-------+----------+-------------------------------------------
     0 | D:1      | bilbop the Djinni Venom Mage began the quest for the Orb.
     0 | D:1      | Reached XP level 1. HP: 15/15 MP: 0/0
     2 | D:1      | Noticed a palentonga
     2 | D:1      | Noticed a naga
     4 | D:1      | Noticed a ghoul
     4 | D:1      | Noticed a barachi
     6 | D:1      | Noticed an octopode
     8 | D:1      | Noticed a gargoyle
    10 | D:1      | Noticed a dwarf
    10 | D:1      | Noticed a minotaur
    12 | D:1      | Noticed a formicid
    12 | D:1      | Noticed a merfolk
    14 | D:1      | Noticed an elf
    14 | D:1      | Noticed a demigod
    16 | D:1      | Noticed a draconian
    16 | D:1      | Noticed an ogre
    18 | D:1      | Noticed a vampire
    18 | D:1      | Noticed a demonspawn
    20 | D:1      | Noticed a tengu
    20 | D:1      | Noticed a spriggan
    22 | D:1      | Noticed a vine stalker
    24 | D:1      | Noticed a centaur
    24 | D:1      | Noticed a human
    26 | D:1      | Noticed a felid
    26 | D:1      | Noticed a troll
   282 | D:1      | Reached XP level 2. HP: 19/22 MP: 0/0
   768 | D:1      | Slain by a quokka

Illustrated notes

Levels and vault maps discovered:
D:1:      kb_arrival_jail, layout_loops_ring

Action                   || total
-------------------------++-------
Melee: Unarmed           ||     5
       Short sword       ||     3
 Cast: Sting             ||    30
Armor: Robe              ||     3
Dodge: Dodged            ||    16

Table legend: (Time is in decaauts)
 A = Elapsed time spent in this place.
 B = Non-inter-level travel time spent in this place.
 C = Inter-level travel time spent in this place.
 D = Time resting spent in this place.
 E = Time spent auto-exploring this place.
 F = Levels seen in this place.
 G = Mean time per level.
                   A        B        C        D        E       F      G
               +--------+--------+--------+--------+--------+-----+--------+
         Total |    767 |    762 |      5 |    266 |    350 |   1 |  767.0 |
       Dungeon |    767 |    762 |      5 |    266 |    350 |   1 |  767.0 |
               +--------+--------+--------+--------+--------+-----+--------+

Top non-repeatable levels by time:
     D:1: 767 daAuts
